 Dungeon Crawl Stone Soup version 0.30.1-3-gfc49f6343a (webtiles) character file.

Game seed: 12325051918404921791

38 spardeous the Conjurer (level 3, -1/26 HPs)
             Began as a Demigod Conjurer on Aug 3, 2023.
             Slain by a hobgoblin (3 damage)
             ... led by Robin
             ... on level 2 of the Dungeon.
             The game lasted 00:01:14 (950 turns).

spardeous the Conjurer (Demigod Conjurer)            Turns: 950, Time: 00:01:15

Health: -1/26      AC:  2    Str:  8    XL:     3   Next: 10%
Magic:  0/9        EV: 12    Int: 24    God:
Gold:   19         SH:  0    Dex: 12    Spells: 4/7 levels left

rFire   . . .        c - +0 club
rCold   . . .        (no shield)
rNeg    . . .        a - +0 robe
rPois   .            (no helmet)
rElec   .            (no cloak)
rCorr   .            (no gloves)
SInv    .            (no boots)
Will    .....        (no amulet)
Stlth   ++           (no ring)
HPRegen 0.24/turn    (no ring)
MPRegen 0.11/turn

%: no passive effects
@: no status effects
A: high MP 1, forlorn, divine attributes
a: no special abilities


You were on level 2 of the Dungeon.
You visited 1 branch of the dungeon, and saw 2 of its levels.

You collected 107 gold pieces.
You spent 88 gold pieces at shops.

Inventory:

Hand Weapons
 c - a +0 club (weapon)
Armour
 a - a +0 robe (worn)
 i - a +0 chain mail
Jewellery
 f - a +6 ring of dexterity
Scrolls
 d - a scroll of silence
 e - a scroll of summoning {unknown}
 h - a scroll of teleportation
 j - a scroll of noise
 k - a scroll of fog {unknown}
Potions
 b - a potion of magic
 g - a potion of flight


   Skills:
 - Level 1.7 Dodging
 - Level 1.7 Stealth
 + Level 2.5 Spellcasting
 + Level 4.2 Conjurations


You had 4 spell levels left.
You knew the following spells:

 Your Spells              Type           Power      Damage    Failure   Level
a - Magic Dart            Conj           92%        1d7       1%          1
b - Searing Ray           Conj           46%        2d6       3%          2

Your spell library contained the following spells:

 Spells                   Type           Power      Damage    Failure   Level
 Summon Small Mammal      Summ           12%        N/A       12%         1
 Dazzling Flash           Conj/Hex       26%        N/A       14%         3
 Fulminant Prism          Conj/Hex       6%         3d7       43%         4
 Iskenderun's Mystic Bla  Conj/Tloc      13%        2d5       43%         4


Dungeon Overview and Level Annotations

Branches:
Dungeon (2/15)

Shops:
D:1 ?

Annotations:
D:2 Robin


Innate Abilities, Weirdness & Mutations

You have an increased reservoir of magic. (+10% MP)
You shall have no god before yourself.
Your divine heritage dramatically boosts your attributes as you level up.


Message History

You take 7 damage, and have 10/26 hp.
MASSIVE DAMAGE!!
You barely miss the goblin. Your punch misses the goblin.
The hobgoblin barely misses you. The goblin hits you with a +0 dagger.
* * * LOW HITPOINT WARNING * * *
You take 1 damage, and have 9/26 hp.
You barely miss the goblin. The goblin barely misses you.
The hobgoblin misses you.
Unknown command.
You barely miss the goblin. The hobgoblin completely misses you.
The goblin barely misses you.
A goblin comes into view. It is wielding a +0 club.
The goblin misses you. The hobgoblin hits you.
* * * LOW HITPOINT WARNING * * *
You take 1 damage, and have 8/26 hp.
You closely miss the goblin.
The goblin shouts!
The hobgoblin barely misses you. The goblin hits you with a +0 dagger.
* * * LOW HITPOINT WARNING * * *
Unknown command.
You barely miss the goblin. The hobgoblin closely misses you.
The goblin hits you with a +0 dagger.
* * * LOW HITPOINT WARNING * * *
You take 6 damage, and have 2/26 hp.
MASSIVE DAMAGE!!
Unknown command.
Okay, then.
Okay, then.
Okay, then.
Casting: Searing Ray (safe; 3% risk of failure)
Confirm with . or Enter, or press ? or * to list all spells.
Aiming: Magic Dart (safe; 1% risk of failure)
Press: ? - help, Shift-Dir - straight line, f/p - goblin
Aim: a goblin, wielding a +0 dagger (strong, 100% to hit)
The magic dart hits the goblin.
You kill the goblin!
A goblin comes into view. It is wielding a +0 club.
The hobgoblin closely misses you.
You now have 0/9 mp.
You see here a +0 dagger.
The hobgoblin attacks as you move away! The hobgoblin hits you.
You die...

#.# .# #.# #.# #.#
#.# ##.## #.#
######...######.# #
.............##.#.#
#####.<.###.##.#[#
##..........(#
######.##@###
#.##g# #.##g#
#.##g# #.##)#
#.##g# #.#<#. # #


You could see Robin, a hobgoblin (strong) and 2 goblins.

Vanquished Creatures
  A gnoll (D:1)
  2 endoplasms (D:1)
  A giant cockroach (D:1)
  6 goblins
  2 hobgoblins
  A ball python (D:1)
  6 bats (D:1)
  A frilled lizard (D:1)
  4 kobolds (D:1)
  2 rats (D:1)
26 creatures vanquished.

Notes
Turn   | Place    | Note
-------+----------+-------------------------------------------
     0 | D:1      | spardeous the Demigod Conjurer began the quest for the Orb.
     0 | D:1      | Reached XP level 1. HP: 14/14 MP: 5/5
   159 | D:1      | Got Plato's Thoughts on the Mob
   272 | D:1      | Reached XP level 2. HP: 20/20 MP: 4/7
   426 | D:1      | Reached skill level 4 in Conjurations
   608 | D:1      | Found Otuiveawno's Magic Scroll Boutique.
   611 | D:1      | Bought a scroll of teleportation for 33 gold pieces
   611 | D:1      | Bought a scroll of identify for 22 gold pieces
   611 | D:1      | Bought a scroll of identify for 22 gold pieces
   611 | D:1      | Bought a scroll of noise for 11 gold pieces
   892 | D:1      | Learned a level 2 spell: Searing Ray
   934 | D:2      | Reached XP level 3. HP: 26/26 MP: 6/9
   937 | D:2      | Noticed Robin
   950 | D:2      | Slain by a hobgoblin

Illustrated notes

Levels and vault maps discovered:
D:1:      sevenhm_arrival_forest_fort_small_6, layout_rooms, serial_shops,
          nicolae_shop_real_fake_doors, serial_forest,
          infiniplex_forest_diagonal, infiniplex_forest_straight_1,
          infiniplex_forest_clump_small, infiniplex_forest_corner_1,
          infiniplex_forest_diagonal, infiniplex_forest_clump_curved,
          infiniplex_forest_lined_ring, shapermc_ecumenical_altar_rom_forum
D:2:      layout_loops_ring, corexii_corridor_pit, uniq_robin

Skill      XL: |  1  2 |
---------------+-------+-----
Spellcasting   | 2 |  2.5
Conjurations   | 4 |  4.2
Dodging        | |  1.7
Stealth        | |  1.7

Action                     || total
---------------------------++-------
  Melee: Club              ||    23
   Cast: Magic Dart        ||    42
         Searing Ray       ||     2
    Use: Scroll            ||     2
 Armour: Robe              ||     9
  Dodge: Dodged            ||    33
